 Dungeon Crawl Stone Soup version 0.28-a0-381-g937acc2988 (webtiles) character file.

Game seed: 2770358495915265518

15 quinnr the Stinger (level 2, 0/15 HPs)
             Began as a Tengu Venom Mage on Aug 31, 2021.
             Was an Initiate of Trog (penitent).
             Succumbed to their own sting
             ... on level 1 of the Dungeon on Sept 1, 2021.
             The game lasted 00:03:12 (943 turns).

quinnr the Stinger (Tengu Venom Mage)                Turns: 943, Time: 00:03:12

Health: 0/15       AC:  0    Str:  8    XL:     2   Next: 50%
Magic:  3/6        EV: 12    Int: 15    God:    Trog [*]
Gold:   22         SH:  0    Dex: 14    Spells: 2/5 levels left

rFire   . . .      SeeInvis .   (no weapon)
rCold   . . .      Faith    .   (no shield)
rNeg    . . .      Spirit   .   (no armour)
rPois   .          Reflect  .   (helmet restricted)
rElec   .          Harm     .   (no cloak)
rCorr   .          Rampage  .   (no gloves)
Will    .....                   (boots unavailable)
Stlth   ++........              (no amulet)
HPRegen 0.05/turn               (no ring)
MPRegen 0.10/turn               (no ring)

@: lethally poisoned (0 -> -2)
A: beak, talons 3
a: Renounce Religion


You were on level 1 of the Dungeon.
You worshipped Trog.
Trog was demanding penance.
You visited 1 branch of the dungeon, and saw 1 of its levels.

You collected 22 gold pieces.

Inventory:

Scrolls
 c - a scroll of amnesia {unknown}
 e - a scroll of vulnerability {unknown}
 h - a scroll of identify {unknown}
Potions
 b - a potion of flight {unknown}
 d - a potion of might {unknown}
 f - a potion of brilliance {unknown}
 g - a potion of curing {unknown}


   Skills:
 + Level 2.2 Dodging
 - Level 2.0 Stealth
 - Level 2.2 Spellcasting
 + Level 0.8 Transmutations
 - Level 3.5 Poison Magic


You had 2 spell levels left.
You knew the following spells:

 Your Spells              Type           Power      Damage    Failure   Level
a - Sting                 Tmut/Pois      32%        1d4       9%          1
b - Poisonous Vapours     Pois/Air       14%        N/A       16%         2

Your spell library contained the following spells:

 Spells                   Type           Power      Damage    Failure   Level
 Ensorcelled Hibernation  Hex/Ice        2%         N/A       32%         2
 Slow                     Hex            1%         N/A       32%         2
 Spider Form              Tmut/Pois      4%         N/A       26%         3
 Mephitic Cloud           Conj/Pois/Air  5%         N/A       36%         3
 Olgreb's Toxic Radiance  Pois           12%        N/A       45%         4
 Confusing Touch          Hex            1%         N/A       54%         3
 Dazzling Flash           Conj/Hex       2%         N/A       54%         3
 Vampiric Draining        Necr           0%         2d6       54%         3
 Iskenderun's Mystic Bla  Conj/Tloc      1%         2d3       91%         4
 Yara's Violent Unravell  Hex/Tmut       1%         3d3       99%         5
 Starburst                Conj/Fire      0%         6d3       100%        6


Dungeon Overview and Level Annotations

Branches:
Dungeon (1/15)

Altars:
Trog


Innate Abilities, Weirdness & Mutations

You have a beak for a mouth.
You have claws for feet.


Message History

You feel sick.
Unknown command.
You feel sick.
You are no longer poisoned.
Unknown command.
Casting: Sting (safe; 9% risk of failure)
Confirm with . or Enter, or press ? or * to list all spells.
You can't see any susceptible monsters within range! (Use Z to cast anyway.)
Casting: Sting (safe; 9% risk of failure)
Confirm with . or Enter, or press ? or * to list all spells.
Casting this spell will place you under penance.
Really cast? [Y]es or [N]o only, please.
Casting this spell will place you under penance.
Really cast?
Aiming: Sting (safe; 9% risk of failure)
Press: ? - help, Shift-Dir - straight line, f - you That beam is likely to hit you.
Continue anyway?
The sting hits you.
You are poisoned.
You feel guilty. "You will pay for your transgression, mortal!"
You feel sick.
Unknown command.
Casting: Sting (safe; 9% risk of failure)
Confirm with . or Enter, or press ? or * to list all spells.
Casting this spell will place you under penance.
Really cast?
Aiming: Sting (safe; 9% risk of failure)
Press: ? - help, Shift-Dir - straight line, f - you That beam is likely to hit you.
Continue anyway?
The sting hits you.
You are more poisoned.
You feel guilty. "You will pay for your transgression, mortal!"
* * * LOW HITPOINT WARNING * * *
You feel sick.
Unknown command.
* * * LOW HITPOINT WARNING * * *
You feel sick.
* * * LOW HITPOINT WARNING * * *
You feel sick.
You die...

########..# #.#
#######..### #.#
#..........#
#.#####.#####..#.#
#.#.....# #..#.. #.#.#####
#..... #.#.# #.##.# #.#.#
#.##.# #########@#.#
#.##.#
#.........#.#########.##.#
#.######..............#...
#...>......#......#.
#.###.#.###.#........ #
#.# ##..# #.#.....#.. ..#
##.###.#..###### .#.
#........# #.# ##.###.##.#


There were no monsters in sight!

Vanquished Creatures
  A dart slug (D:1)
  2 bats (D:1)
  3 endoplasms (D:1)
  2 jackals (D:1)
  A kobold (D:1)
  A ball python (D:1)
  A frilled lizard (D:1)
  A rat (D:1)
12 creatures vanquished.

Notes
Turn   | Place    | Note
-------+----------+-------------------------------------------
     0 | D:1      | quinnr the Tengu Venom Mage began the quest for the Orb.
     0 | D:1      | Reached XP level 1. HP: 10/10 MP: 4/4
   375 | D:1      | Reached XP level 2. HP: 6/15 MP: 4/6
   611 | D:1      | Learned a level 2 spell: Poisonous Vapours
   846 | D:1      | Found a faded altar of an unknown god.
   875 | D:1      | Became a worshipper of Trog the Wrathful
   875 | D:1      | Reached * piety under Trog
   925 | D:1      | Was placed under penance by Trog
   929 | D:1      | Upgraded the game from 0.28-a0-312-gbced6e68ee to
                  | 0.28-a0-381-g937acc2988
   942 | D:1      | HP: 1/15 [poisoned by you (sting)]
   943 | D:1      | Succumbed to their own sting

Illustrated notes

Levels and vault maps discovered:
D:1:      dpeg_arrival_round_a, layout_loops_ring, basic_ecumenical_altar,
          wander_ebering_terrifying_dragon_lair

Action                   || total
-------------------------++-------
Melee: Unarmed           ||     3
       Peck              ||     1
 Cast: Sting             ||    23
       Poisonous Vapours ||     4
Armor: Robe              ||     2
Dodge: Dodged            ||    12

Table legend: (Time is in decaauts)
 A = Elapsed time spent in this place.
 B = Non-inter-level travel time spent in this place.
 C = Inter-level travel time spent in this place.
 D = Time resting spent in this place.
 E = Time spent auto-exploring this place.
 F = Levels seen in this place.
 G = Mean time per level.
                   A        B        C        D        E       F      G
               +--------+--------+--------+--------+--------+-----+--------+
         Total |    943 |    943 |      0 |      0 |    808 |   1 |  943.0 |
       Dungeon |    943 |    943 |      0 |      0 |    808 |   1 |  943.0 |
               +--------+--------+--------+--------+--------+-----+--------+

Top non-repeatable levels by time:
     D:1: 943 daAuts
